 Dungeon Crawl Stone Soup version 0.28.0-53-g5a82cb258f (webtiles) character file.

Game seed: 254068970284781593

800 NinjaNoafa the Digger (level 7, -3/37 HPs)
             Began as a Gargoyle Earth Elementalist on Aug 15, 2022.
             Slain by a vampire mosquito (9 damage)
             ... on level 5 of the Dungeon on Aug 16, 2022.
             The game lasted 00:15:05 (3413 turns).

NinjaNoafa the Digger (Gargoyle Earth Elementalist) Turns: 3413, Time: 00:15:05

Health: -3/37      AC:  9    Str: 12    XL:     7   Next: 90%
Magic:  19/22      EV: 10    Int: 17    God:
Gold:   186        SH:  8    Dex: 10    Spells: 13/14 levels left

rFire   x . .      SeeInvis .   w - +2 whip (venom)
rCold   + . .      Faith    .   n - +0 kite shield
rNeg    + . .      Spirit   .   b - +0 robe
rPois   ∞          Reflect  .   (no helmet)
rElec   +          Harm     .   (no cloak)
rCorr   .          Rampage  .   g - +0 pair of gloves
Will    .....                   u - +1 pair of boots
Stlth   ++........              h - amulet of regeneration
HPRegen 0.92/turn               i - ring of ice
MPRegen 0.18/turn               x - ring of magical power

@: very slightly contaminated
A: sickness immunity, AC +4, negative energy resistance 1, electricity
resistance, torment resistance 1, petrification resistance
a: no special abilities


You were on level 5 of the Dungeon.
You visited 1 branch of the dungeon, and saw 5 of its levels.

You collected 186 gold pieces.

Inventory:

Hand Weapons
 k - a +3 short sword
 r - a +0 dire flail of holy wrath
 w - a +2 whip of venom (weapon)
Missiles
 c - 25 stones
 l - 13 poisoned darts
Armour
 b - a +0 robe (worn)
 g - a +0 pair of gloves (worn)
 n - a +0 kite shield (worn)
 u - a +1 pair of boots (worn)
 v - a +2 helmet
Magical Staves
 j - a staff of fire
Jewellery
 h - an amulet of regeneration (around neck)
 i - a ring of ice (left hand)
 q - an amulet of faith
 x - a ring of magical power (right hand)
 z - a ring of fire
Wands
 p - a wand of digging (6)
 s - a wand of iceblast (2)
Scrolls
 a - a scroll of immolation {unknown}
 y - a scroll of noise {unknown}
 A - a scroll of teleportation
 B - a scroll of holy word {unknown}
Potions
 d - 2 potions of brilliance
 e - 2 potions of berserk rage
 f - a potion of heal wounds
 m - 3 potions of flight
 o - a potion of lignification {unknown}
 t - 2 potions of curing {unknown}


   Skills:
 + Level 0.4 Fighting
 + Level 0.3 Maces & Flails
 - Level 3.0 Dodging
 - Level 2.1 Stealth
 - Level 3.0 Shields
 - Level 4.0 Spellcasting
 - Level 3.0 Transmutations
 - Level 7.0 Earth Magic


You had 13 spell levels left.
You knew the following spells:

 Your Spells              Type           Power      Damage    Failure   Level
a - Sandblast             Erth           54%        2d13      2%          1

Your spell library contained the following spells:

 Spells                   Type           Power      Damage    Failure   Level
 Passwall                 Tmut/Erth      16%        N/A       10%         2
 Stone Arrow              Conj/Erth      30%        3d8       34%         3
 Petrify                  Tmut/Erth      20%        N/A       52%         4


Dungeon Overview and Level Annotations

Branches:
Dungeon (5/15)
 Temple: D:4-7

Altars:

Annotations:
D:5 Menkaure


Innate Abilities, Weirdness & Mutations

You are immune to sickness and miasma.
Your stone body is resilient. (AC +4)
You are immune to poison.
You resist negative energy. (rN+)
You are resistant to electric shocks. (rElec)
You are resistant to unholy torment.
You are immune to petrification.


Message History

Okay, then.
Aiming: Iceblast
Press: ? - help, Shift-Dir - straight line, f - vampire mosquito
Aim: a vampire mosquito The mass of ice explodes!
The iceblast engulfs the vampire mosquito!
The vampire mosquito is moderately damaged.
You block the vampire mosquito's attack.
You hit the vampire mosquito.
The vampire mosquito is heavily damaged.
You block the vampire mosquito's attack.
The vampire mosquito bites you but does no damage.
You closely miss the vampire mosquito.
The vampire mosquito is heavily damaged.
The vampire mosquito bites you.
The blast of sand misses the vampire mosquito.
The vampire mosquito bites you!
You block the vampire mosquito's attack.
The vampire mosquito bites you.
The vampire mosquito bites you but does no damage.
Aiming: Sandblast (safe; 2% risk of failure)
Press: ? - help, Q - select action, (/) - cycle Shift-Dir - straight line, f - vampire mosquito, p - vampire mosquito
Aim: a vampire mosquito (68% to hit)
The blast of sand hits the vampire mosquito!
The vampire mosquito is moderately damaged.
You block the vampire mosquito's attack.
The vampire mosquito bites you!
You block the vampire mosquito's attack.
The vampire mosquito bites you but does no damage.
Aiming: Sandblast (safe; 2% risk of failure)
Press: ? - help, Q - select action, (/) - cycle Shift-Dir - straight line, f/p - vampire mosquito
Aim: a vampire mosquito (moderately damaged, 68% to hit)
You miscast Sandblast.
You are very lightly contaminated with residual magic.
Nothing appears to happen.
You block the vampire mosquito's attack.
The vampire mosquito bites you!
* * * LOW HITPOINT WARNING * * *
The vampire mosquito bites you!
You die...

#.####... ##........
#....[.... . ##........
##.. #......## ####.....
#....######<......#
#...####.......####..
#..#.........### #...
#...@.....#### ##..>.
#...yy..### ##.....
#....#### ##......
##.......### #.......
..####..........# #.....>
................#####......
...###..........y........s.
# #..#.........y####.....
#..#..........## #.....


You could see 2 vampire mosquitoes.

Vanquished Creatures
  Sigmund (D:2)
  Edmund (D:5)
  A sky beast (D:3)
  The ghost of Unforgiven the Covered, an amateur VSFi of Vehumet (D:3)
  A scorpion (D:3)
  3 iguanas
  Natasha (D:2)
  Robin (D:4)
  6 adders
  5 gnolls
  A shadow imp (D:5)
  An ufetubus (D:4)
  3 dart slugs
  2 orcs (D:4)
  8 endoplasms
  A giant cockroach (D:1)
  19 goblins
  4 hobgoblins
  3 jackals (D:3)
  A quokka (D:3)
  5 ball pythons
  5 bats
  3 frilled lizards
  9 kobolds
  2 rats (D:2)
88 creatures vanquished.

Vanquished Creatures (others)
  11 plants (D:3)
11 creatures vanquished.

Grand Total: 99 creatures vanquished

Notes
Turn   | Place    | Note
-------+----------+-------------------------------------------
     0 | D:1      | NinjaNoafa the Gargoyle Earth Elementalist began the quest
                  | for the Orb.
     0 | D:1      | Reached XP level 1. HP: 10/10 MP: 3/3
    67 | D:1      | Reached skill level 1 in Transmutations
    67 | D:1      | Reached skill level 4 in Earth Magic
    67 | D:1      | Reached XP level 2. HP: 15/15 MP: 1/5
   441 | D:1      | Reached XP level 3. HP: 19/19 MP: 4/6
   542 | D:1      | Found a faded altar of an unknown god.
  1050 | D:2      | Reached XP level 4. HP: 24/24 MP: 7/7
  1197 | D:2      | Noticed Natasha
  1198 | D:2      | Killed Natasha
  1199 | D:2      | Reached skill level 1 in Shields
  1395 | D:2      | Noticed Sigmund
  1399 | D:2      | Killed Sigmund
  1400 | D:2      | Reached skill level 5 in Earth Magic
  1400 | D:2      | Reached XP level 5. HP: 28/28 MP: 3/9
  1400 | D:2      | Reached XP level 6. HP: 32/32 MP: 3/10
  1562 | D:3      | Noticed a sky beast
  1568 | D:3      | Killed a sky beast
  1940 | D:3      | Found a runed translucent door.
  1945 | D:3      | Noticed Unforgiven's ghost (amateur VSFi)
  1998 | D:3      | Killed Unforgiven's ghost
  1999 | D:3      | Reached XP level 7. HP: 26/36 MP: 2/12
  2371 | D:4      | Noticed Robin
  2373 | D:4      | Reached skill level 6 in Earth Magic
  2405 | D:5      | Entered Level 5 of the Dungeon
  2453 | D:5      | Noticed Menkaure
  2501 | D:5      | Noticed Edmund
  2516 | D:5      | Killed Edmund
  2579 | D:5      | Noticed a vampire mosquito
  2580 | D:5      | Noticed a vampire mosquito
  2680 | D:4      | Killed Robin
  3139 | D:4      | Reached skill level 7 in Earth Magic
  3413 | D:5      | Slain by a vampire mosquito

Illustrated notes

Levels and vault maps discovered:
D:1:      shiori_shiawase, layout_basic,
          dreamdust_ecumenical_altar_angels_and_demons
D:2:      layout_loops_ring, uniq_sigmund, uniq_natasha
D:3:      layout_loops_cross, ebering_ghost_reflecting_pool, serial_bayou_lake_a
D:4:      layout_cave_pools, uniq_robin
D:5:      layout_cave_pods, uniq_menkaure, uniq_edmund

Skill      XL: |  1  2  3  4  5  6  7 |
---------------+----------------------+-----
Transmutations | 1 2 3 |  3.0
Earth Magic    | 4 5 7 |  7.0
Shields        | 3 |  3.0
Spellcasting   | 3 4 |  4.0
Dodging        | 2 3 |  3.0
Fighting       | |  0.4
Maces & Flails | |  0.3
Stealth        | |  2.1

Action                   |  1- 3 |  4- 6 |  7- 9 || total
-------------------------+-------+-------+-------++-------
Melee: Whip              |     4 |       |    13 ||    17
       Short sword       |    13 |    26 |    29 ||    68
       Staff             |     4 |       |       ||     4
 Cast: Sandblast         |    27 |    36 |    53 ||   116
Evoke: Wand              |       |       |     1 ||     1
  Use: Scroll            |       |       |     9 ||     9
Armor: Robe              |     8 |    10 |    38 ||    56
Dodge: Dodged            |    25 |    10 |    36 ||    71
Block: Kite shield       |       |    14 |    44 ||    58
